AoeStats
← [xCs]PLO_Style

Black Forest

509135426Analyzed
4v4 RM · 6d ago on Sep 25, 2026· 78m 33s· 8 players
Game mode
Random Map
Map size
Large (8 player)
Population
200
Speed
Normal
Resources
Standard
Victory
Conquest
Starting age
Dark Age
Ending age
Imperial Age
RankedLock teamsTeams togetherTeam positionsShared explorationLock speedFull tech treeHidden civsTurbo modeCheats
Victory
Defeat
🇲🇰 Tatars · North Macedonia
1771
+12
🇨🇦 Romans · Canada
1753
+13
🇻🇪 Slavs · Venezuela
1562
+21
🇮🇳 Mapuche · India
1561
+21
🇰🇿 Lithuanians · Kazakhstan
1730
-19
🇷🇺 Cumans · Russia
1709
-18
🇷🇺 Franks · Russia
1707
-18
🇷🇺 Japanese · Russia
1561
-12
[xCs]PLO_Style
0:36 Loom
11:08 Feudal Age
15:10 Castle Age
13:45 Double-Bit Axe
13:43 Horse Collar
16:24 Bow Saw
19:52 Heavy Plow
20:32 Wheelbarrow
22:06 Gold Mining
24:07 Hand Cart
24:37 Town Watch
29:27 Imperial Age
27:52 Gold Shaft Mining
27:42 Caravan
28:38 Scale Mail Armor
29:32 Capped Ram
29:59 Heavy Scorpion
32:38 Siege Engineers
32:46 Ballistas
33:22 Masonry
34:32 Conscription
35:08 Coinage
37:58 Chemistry
37:31 Architecture
37:18 Stone Mining
38:00 Crop Rotation
38:04 Onager
40:05 Banking
40:06 Siege Ram
43:36 Ballistics
44:14 Fletching
45:15 Bodkin Arrow
52:24 Guilds
63:03 Elite Centurion
64:22 Scale Barding Armor
64:28 Forging
65:33 Comitatenses
66:56 Chain Barding Armor
67:12 Iron Casting
66:48 Bloodlines
66:38 Husbandry
70:19 Plate Barding Armor
70:52 Blast Furnace
74:32 Fortified Wall
74:23 Murder Holes
[xCs]FL4sH___
10:26 Feudal Age
12:00 Double-Bit Axe
12:42 Horse Collar
15:15 Castle Age
16:15 Bow Saw
16:15 Heavy Plow
21:43 Gold Mining
27:54 Imperial Age
26:28 Wheelbarrow
25:54 Stone Mining
26:42 Fletching
27:42 Gold Shaft Mining
28:38 Hand Cart
29:10 Conscription
28:53 Malon
28:16 Elite Bolas Rider
29:57 Butalmapu
29:48 Bodkin Arrow
30:33 Crop Rotation
30:42 Caravan
31:33 Padded Archer Armor
34:31 Ballistics
35:11 Chemistry
35:13 Masonry
37:32 Leather Archer Armor
38:18 Champi Runner
39:54 Bombard Tower
39:17 Treadmill Crane
40:08 Architecture
39:49 Champi Warrior
40:35 Elite Champi Warrior
43:03 Coinage
43:40 Scale Mail Armor
43:51 Forging
45:59 Chain Mail Armor
46:20 Iron Casting
50:44 Plate Mail Armor
51:15 Blast Furnace
51:24 Blast Furnace
50:54 Plate Mail Armor
54:42 Ring Archer Armor
67:18 Banking
[xCs]javi
0:42 Loom
12:04 Feudal Age
15:54 Castle Age
14:46 Double-Bit Axe
15:04 Horse Collar
17:09 Bow Saw
23:04 Wheelbarrow
23:08 Gold Mining
29:02 Imperial Age
26:51 Hand Cart
26:38 Heavy Plow
27:30 Gold Shaft Mining
26:45 Stone Mining
26:59 Scale Mail Armor
27:10 Forging
28:38 Chain Mail Armor
29:32 Iron Casting
28:56 Pikeman
29:37 Squires
29:08 Onager
31:16 Chemistry
29:51 Halberdier
31:11 Siege Onager
33:02 Plate Mail Armor
33:33 Blast Furnace
33:29 Crop Rotation
34:07 Two-Man Saw
33:34 Siege Engineers
34:48 Conscription
34:30 Druzhina
38:56 Chemistry
43:05 Scale Barding Armor
43:59 Bloodlines
43:18 Cavalier
45:02 Chain Barding Armor
56:20 Coinage
57:05 Capped Ram
58:02 Siege Ram
64:59 Heavy Scorpion
[xCs]Bek
4:47 Loom
11:22 Feudal Age
12:45 Double-Bit Axe
15:25 Castle Age
13:21 Horse Collar
14:11 Fishing Lines
17:19 Heavy Plow
21:52 Bow Saw
24:35 Wheelbarrow
26:19 Hand Cart
26:12 Gold Mining
30:08 Imperial Age
28:15 Gold Shaft Mining
27:32 Stone Mining
29:30 Scale Barding Armor
29:36 Forging
30:29 Caravan
30:57 Chain Barding Armor
30:11 Elite Keshik
31:15 Conscription
31:01 Husbandry
31:12 Bloodlines
31:06 Husbandry
31:23 Padded Archer Armor
32:37 Plate Barding Armor
33:09 Coinage
33:15 Timurid Siegecraft
33:40 Guilds
34:46 Chemistry
34:33 Banking
34:59 Iron Casting
35:24 Siege Engineers
48:07 Fletching
49:27 Blast Furnace
48:21 Fletching
49:23 Ballistics
49:14 Masonry
50:09 Treadmill Crane
49:58 Pikeman
50:39 Squires
50:36 Bodkin Arrow
50:42 Scale Mail Armor
51:17 Halberdier
52:47 Bracer
53:58 Medium Warships
61:47 Crop Rotation
68:44 Padded Archer Armor
68:15 Heavy Cavalry Archer
75:53 Leather Archer Armor
SHell | Gr8telle
0:33 Loom
11:50 Feudal Age
15:28 Castle Age
13:45 Double-Bit Axe
13:41 Horse Collar
15:59 Wheelbarrow
17:23 Heavy Plow
18:04 Bow Saw
22:22 Gold Mining
25:38 Gold Shaft Mining
24:54 Stone Mining
25:22 Hand Cart
24:52 Town Watch
29:12 Imperial Age
27:40 Gold Shaft Mining
27:41 Ballistics
27:12 Fletching
28:07 Treadmill Crane
28:24 Bodkin Arrow
28:21 Guard Tower
28:46 Fortified Wall
28:14 Pikeman
28:54 Squires
28:55 Scale Mail Armor
29:06 Forging
30:18 Kataparuto
31:24 Chemistry
30:14 Halberdier
32:08 Chain Mail Armor
33:15 Iron Casting
32:28 Arson
34:39 Plate Mail Armor
35:37 Bracer
36:53 Keep
36:14 Murder Holes
38:07 Conscription
40:32 Yasama
40:36 Caravan
42:13 Blast Furnace
42:37 Coinage
45:39 Two-Man Saw
45:00 Man-at-Arms
45:26 Gambesons
45:58 Arrowslits
50:49 Banking
54:15 Long Swordsman
58:26 Long Swordsman
59:15 Two-Handed Swordsman
62:59 Champion
78:50 Town Patrol
SHell | Denchik_Ne_Lohx
0:44 Loom
11:14 Feudal Age
11:35 Man-at-Arms
12:19 Double-Bit Axe
14:46 Fletching
14:54 Horse Collar
21:42 Castle Age
20:23 Gold Mining
20:24 Stone Mining
24:23 Wheelbarrow
24:20 Town Watch
27:05 Hand Cart
27:12 Stone Mining
28:53 Stone Shaft Mining
29:46 Fishing Lines
30:48 Heavy Plow
34:06 Imperial Age
32:24 Scale Barding Armor
33:11 Forging
33:59 Bloodlines
35:06 Chain Barding Armor
34:52 Gillnets
35:28 Elite Leitis
36:57 Plate Barding Armor
37:40 Caravan
39:41 Chemistry
39:50 Iron Casting
41:27 Masonry
40:58 Treadmill Crane
42:30 Guilds
42:34 Bodkin Arrow
43:01 Ballistics
44:03 Conscription
44:10 Conscription
45:20 Architecture
44:57 Hill Forts
44:43 Cavalier
45:24 Husbandry
45:35 Bracer
48:20 Paladin
50:03 Light Cavalry
53:07 Fortified Wall
54:49 Winged Hussar
66:26 Bombard Tower
66:02 Murder Holes
76:47 Capped Ram
SHell | FStalker
11:06 Feudal Age
12:09 Double-Bit Axe
14:57 Castle Age
14:07 Fishing Lines
16:03 Bow Saw
16:44 Gillnets
21:38 Wheelbarrow
22:03 Gold Mining
24:45 Gold Shaft Mining
27:49 Imperial Age
26:32 Hand Cart
26:32 Loom
27:43 Town Watch
27:41 Capped Ram
27:52 Onager
29:38 Two-Man Saw
28:20 Horse Collar
29:14 Scale Mail Armor
29:36 Scale Mail Armor
29:21 Siege Onager
31:05 Siege Ram
31:39 Pikeman
32:36 Chain Mail Armor
32:31 Forging
32:55 Squires
32:26 Halberdier
33:40 Caravan
34:17 Squires
34:44 Guilds
35:26 Plate Mail Armor
35:33 Iron Casting
37:16 Chemistry
40:32 Blast Furnace
42:02 Coinage
42:56 Heavy Plow
49:20 Masonry
50:46 Hand Cart
54:47 Man-at-Arms
55:16 Arson
56:38 Fletching
65:25 Crop Rotation
72:43 Bodkin Arrow
75:55 Ballistics
SHell | Mr. NoName
11:29 Feudal Age
13:05 Double-Bit Axe
15:27 Castle Age
16:30 Bow Saw
16:55 Wheelbarrow
23:22 Gold Mining
25:37 Gold Shaft Mining
28:11 Imperial Age
25:54 Stone Mining
26:54 Scale Barding Armor
27:29 Hand Cart
28:00 Treadmill Crane
28:48 Chain Barding Armor
29:54 Chemistry
29:40 Conscription
29:23 Town Watch
29:49 Caravan
29:30 Cavalier
30:10 Husbandry
30:47 Plate Barding Armor
30:22 Forging
31:43 Iron Casting
31:36 Siege Engineers
32:58 Town Patrol
32:23 Onager
32:32 Paladin
35:33 Blast Furnace
36:00 Coinage
45:22 Banking
58:21 Loom
69:35 Onager
69:46 Heavy Scorpion
75:05 Onager
75:33 Onager
77:27 Ballistics
Connection lost

Rejoining the realm…

Still unreachable

The connection could not be restored.

Session expired

The server has moved on; the page needs a fresh start.